Map: Dusk Towers

Players

Denver

  • Race: Zerg Zerg
  • League: Grandmaster

Miszu - Winner!

  • Race: Terran Terran
  • League: Grandmaster

VOD

Have the link to the VOD?

Description

Time

  • Played on: Feb. 16, 2016, 7:31 p.m.
  • Length: 40:24
Show
View Real Time Build Order
Export as new Build Order

Denver Zerg 

Build Orders: Hatch First, Muta Ling Bane 

Get SALT Encoding   

  12  0:01  Drone  
  13  0:13  Overlord  
  13  0:17  Drone  
  14  0:31  Drone x2  
  14  0:35  Drone  
  17  0:55  Hatchery  
  17  0:57  Drone  
  17  1:00  Drone  
  17  1:02  Extractor  
  17  1:15  Spawning Pool  
  17  1:17  Drone  
  17  1:22  Drone  
  18  1:31  Drone  
  19  1:43  Overlord  
  19  1:53  Drone  
  20  2:02  Queen  
  20  2:03  Zergling x2  
  20  2:07  Metabolic Boost, Queen  
  25  2:09  Drone  
  25  2:14  Drone  
  27  2:21  Drone  
  28  2:24  Drone  
  29  2:30  Spore Crawler  
  29  2:31  Drone  
  29  2:36  Drone  
  31  2:45  Queen  
  31  2:46  Overlord  
  31  2:49  Lair  
  33  2:53  Drone  
  33  2:58  Drone x2  
  36  3:06  Drone x2  
  38  3:16  Drone x6  
  44  3:20  Extractor  
  44  3:21  Extractor  
  44  3:24  Overlord  
  41  3:28  Drone x2  
  41  3:32  Overlord  
  43  3:39  Overlord  
  43  3:50  Spire, Drone  
  43  3:51  Drone x4  
  47  3:56  Drone x3  
  50  4:03  Extractor  
  50  4:08  Drone  
  50  4:14  Hatchery  
  49  4:17  Zergling x4  
  49  4:18  Zergling x2  
  49  4:21  Drone  
  53  4:28  Zergling x14  
  60  4:36  Overlord  
  60  4:40  Overlord  
  60  4:51  Overlord x2  
  60  4:53  Overseer  
  59  5:07  Mutalisk x6  
  59  5:12  Mutalisk  
  73  5:26  Drone  
  73  5:27  Drone x3  
  77  5:40  Drone x6  
  81  5:48  Baneling Nest, Drone  
  81  5:49  Drone  
  82  5:53  Drone  
  83  6:01  Zerg Flyer Weapons Level 1  
  83  6:03  Drone x4  
  83  6:04  Evolution Chamber x2  
  85  6:18  Drone  
  84  6:19  Drone x6  
  84  6:20  Extractor  
  84  6:21  Overlord, Extractor  
  84  6:23  Overlord  
  88  6:25  Overlord  
  88  6:30  Zerg Ground Armor Level 1  
  88  6:31  Zerg Melee Weapons Level 1  
  88  6:33  Drone  
  88  6:34  Centrifical Hooks  
  88  6:39  Queen  
  91  6:43  Drone x3  
  91  6:44  Drone  
  91  6:45  Drone  
  96  6:51  Mutalisk x2  
  96  6:52  Mutalisk  
  102  7:00  Mutalisk  
  102  7:01  Mutalisk x2  
  104  7:03  Overlord  
  109  7:08  Drone x2  
  110  7:20  Hatchery  
  109  7:25  Infestation Pit  
  109  7:27  Zergling x2  
  109  7:28  Zergling x18  
  118  7:36  Overlord x2  
  118  7:39  Drone x3  
  118  7:42  Queen  
  123  7:47  Mutalisk x2  
  127  7:52  Drone  
  127  7:55  Hatchery  
  127  7:57  Drone  
  127  7:58  Drone x4  
  132  7:59  Drone  
  132  8:05  Hive  
  133  8:15  Zergling x2  
  133  8:16  Zergling x14  
  141  8:20  Overlord  
  141  8:21  Baneling x4  
  141  8:22  Overlord  
  141  8:35  Baneling  
  141  8:36  Baneling x20  
  141  8:39  Overlord  
  141  8:42  Zerg Flyer Weapons Level 2  
  141  8:50  Extractor  
  141  8:51  Extractor  
  141  8:52  Zergling x2  
  141  8:53  Zergling x22  
  151  9:03  Zerg Ground Armor Level 2, Zerg Melee Weapons Level 2  
  151  9:06  Zergling x12  
  151  9:07  Zergling x2  
  151  9:08  Zergling x2  
  159  9:19  Adrenal Glands  
  159  9:21  Ultralisk Cavern  
  158  9:30  Zergling x10  
  158  9:31  Zergling x22  
  174  9:33  Overlord  
  174  9:38  Overlord  
  158  10:02  Mutalisk x9  
  158  10:03  Mutalisk  
  175  10:07  Drone x3  
  175  10:08  Drone x2  
  178  10:23  Zergling x2  
  178  10:24  Zergling x6  
  178  10:26  Overlord x4  
  178  10:27  Hatchery  
  181  10:30  Chitinous Plating  
  181  10:34  Baneling  
  181  10:35  Baneling x12  
  180  10:36  Overseer  
  180  10:41  Drone x2  
  182  10:48  Drone x7  
  182  10:49  Drone  
  183  11:26  Ultralisk x2  
  195  11:32  Zerg Flyer Weapons Level 3  
  195  11:33  Zerg Ground Armor Level 3  
  195  11:34  Zerg Melee Weapons Level 3  
  191  11:59  Pneumatized Carapace  
  186  12:08  Drone x6  
  189  12:12  Burrow  
  192  12:17  Hatchery  
  191  12:23  Extractor  
  191  12:27  Extractor  
  191  12:28  Spine Crawler  
  188  12:35  Ultralisk x2  
  200  13:16  Spire  
  195  13:42  Hatchery  
  190  14:26  Zerg Flyer Armor Level 1  
  190  14:40  Greater Spire  
  190  14:43  Overseer  
  190  14:44  Overseer  
  187  15:19  Extractor  
  178  15:41  Drone x2  
  180  15:47  Overlord x2  
  179  16:06  Drone x9  
  179  16:07  Drone x5  
  191  16:13  Extractor  
  191  16:14  Extractor  
  181  16:29  Zerg Flyer Armor Level 2  
  181  16:33  Ultralisk x3  
  199  17:14  Spine Crawler  
  198  17:15  Zerg Missile Weapons Level 1  
  198  17:17  Spine Crawler  
  198  17:19  Spine Crawler  
  198  17:21  Spine Crawler  
  198  17:22  Spine Crawler x3  
  192  17:23  Spine Crawler  
  192  17:26  Spine Crawler  
  192  17:27  Spine Crawler  
  192  17:29  Spine Crawler  
  188  17:30  Spine Crawler  
  188  17:31  Spine Crawler  
  186  17:40  Infestor x4  
  186  17:41  Infestor  
  196  17:51  Spore Crawler x2  
  195  17:53  Spore Crawler  
  195  17:55  Spore Crawler  
  173  19:12  Overlord x2  
  173  19:13  Overlord  
  159  19:31  Overlord x2  
  159  19:32  Overlord  
  159  19:35  Zergling x2  
  159  19:36  Extractor, Zergling x36  
  159  19:37  Zergling x16  
  159  19:38  Zergling x30  
  200  19:43  Hatchery  
  200  19:45  Hatchery  
  191  20:34  Baneling  
  191  20:35  Baneling x12  
  191  20:36  Baneling  
  168  20:58  Zerg Flyer Armor Level 3  
  168  21:09  Viper x4  
  168  21:11  Viper  
  180  21:17  Hatchery  
  182  21:38  Extractor x2  
  162  22:07  Overseer x3  
  146  23:21  Neural Parasite  
  146  23:26  Zerg Missile Weapons Level 2  
  130  23:47  Spore Crawler  
  129  23:50  Zergling x14  
  129  23:51  Zergling x42  
  129  23:52  Zergling x12, Spore Crawler x3  
  129  23:53  Zergling x6  
  129  23:54  Spore Crawler  
  129  23:55  Spore Crawler  
  161  23:57  Spore Crawler  
  126  24:30  Zergling x2  
  126  24:31  Zergling x42  
  126  24:32  Zergling x32  
  126  24:34  Queen  
  126  24:35  Queen x5  
  167  24:40  Pathogen Glands  
  167  25:02  Roach Warren  
  163  25:40  Spore Crawler  
  163  25:41  Spore Crawler  
  160  25:47  Glial Reconstitution  
  160  25:49  Roach x4  
  166  25:50  Roach x3  
  163  25:58  Corruptor  
  163  25:59  Corruptor x11  
  163  26:00  Corruptor x6  
  195  27:10  Baneling  
  195  27:11  Baneling x11  
  73  27:56  Ultralisk x6  
  73  27:57  Ultralisk x16  
  197  28:06  Overseer  
  197  28:07  Overseer x2  
  197  28:08  Overseer  
  197  28:21  Overseer x2  
  187  29:15  Zergling x8  
  187  29:16  Zergling x52  
  85  30:07  Infestor  
  85  30:08  Infestor x3  
  81  30:17  Zergling x10  
  81  30:18  Zergling x56  
  81  30:19  Zergling x4  
  110  30:43  Overseer x2  
  110  30:46  Infestor x4  
  86  31:35  Overlord  
  86  31:36  Overlord  
  86  31:45  Zergling x2  
  86  31:46  Zergling x24  
  99  31:47  Zergling x12  
  99  31:48  Zergling x14  
  99  31:49  Zergling x2  
  63  33:12  Baneling x7  
  62  33:13  Baneling x15  
  62  33:20  Corruptor  
  62  33:21  Corruptor x17  
  62  33:22  Corruptor  
  98  33:27  Corruptor  
  98  33:28  Corruptor x6  
  112  33:40  Zergling x2  
  117  33:41  Zergling x26  
  126  34:07  Zergling x2  
  126  34:08  Zergling x42  
  126  34:09  Zergling x12  
  154  34:12  Baneling  
  154  34:13  Baneling x14  
  154  34:25  Overlord x3  
  154  34:38  Zergling x24  
  159  34:39  Zergling x2  
  159  34:40  Zergling x12  
  159  34:43  Baneling x2  
  159  34:44  Overlord x3, Baneling x8  
  45  36:16  Zergling x2  
  45  36:17  Zergling x38  
  45  36:18  Zergling x20  
  75  36:32  Zergling x2  
  76  36:33  Zergling x18  
  84  37:20  Corruptor x7  
  84  37:21  Corruptor x16  
  84  37:22  Corruptor x2  
  127  37:23  Corruptor x3  
  127  37:25  Baneling x9  
  127  37:26  Baneling x14  
  127  37:27  Baneling  
  127  37:28  Baneling  
Show
View Real Time Build Order
Export as new Build Order

Miszu Terran - Winner!

Build Orders: Liberator Opening, Reaper Expand, Bio Mine 

Get SALT Encoding   

  12  0:00  SCV  
  13  0:12  SCV  
  14  0:18  Supply Depot  
  14  0:24  SCV  
  15  0:39  SCV  
  16  0:42  Barracks  
  16  0:46  Refinery  
  16  0:51  SCV  
  17  1:03  SCV  
  18  1:15  SCV  
  19  1:29  Orbital Command  
  19  1:30  Reaper  
  20  1:40  Command Center  
  20  1:54  SCV  
  21  2:02  Supply Depot  
  21  2:06  SCV  
  22  2:09  Marine  
  22  2:12  Factory  
  22  2:14  Refinery  
  23  2:24  SCV  
  23  2:27  Marine  
  25  2:36  SCV  
  25  2:45  Marine  
  25  2:48  SCV  
  27  2:52  Orbital Command  
  27  2:57  Starport, Factory Tech Lab  
  27  3:00  SCV  
  27  3:04  Marine  
  29  3:13  SCV  
  29  3:19  SCV  
  31  3:21  Marine  
  31  3:22  Factory Tech Lab  
  31  3:25  SCV  
  33  3:31  SCV  
  33  3:32  Liberator  
  34  3:37  SCV  
  34  3:40  Fusion Core  
  35  3:44  Command Center, SCV  
  36  3:49  SCV  
  36  3:50  Marine  
  41  3:56  SCV  
  41  3:57  Supply Depot  
  41  4:01  SCV  
  43  4:06  Refinery  
  43  4:07  Refinery  
  43  4:08  SCV  
  45  4:13  SCV  
  45  4:14  Liberator  
  45  4:19  Barracks Reactor  
  45  4:20  SCV  
  46  4:25  Supply Depot, SCV  
  47  4:32  SCV  
  47  4:38  SCV  
  52  4:39  Barracks  
  52  4:40  Barracks  
  52  4:44  Engineering Bay, SCV  
  53  4:47  Engineering Bay  
  53  4:50  SCV  
  54  4:54  Supply Depot  
  54  4:56  SCV  
  55  5:02  SCV  
  55  5:04  Orbital Command  
  56  5:08  SCV  
  58  5:14  Terran Infantry Weapons Level 1, SCV  
  58  5:17  Terran Infantry Armor Level 1  
  58  5:19  Marine  
  58  5:20  SCV  
  60  5:26  SCV  
  61  5:29  Starport Reactor  
  61  5:30  Missile Turret x2  
  61  5:31  Barracks Tech Lab  
  61  5:32  Barracks Tech Lab, SCV  
  62  5:40  Marine x2  
  61  5:49  Marine  
  62  5:50  Marine, Combat Shields  
  62  5:51  Missile Turret  
  62  5:52  Stimpack  
  62  5:54  SCV  
  64  5:58  Marine x2  
  64  6:03  Armory  
  66  6:06  Medivac x2  
  66  6:07  Marine  
  70  6:18  Orbital Command  
  70  6:19  Marine x3  
  70  6:20  SCV  
  70  6:21  SCV  
  75  6:27  Barracks  
  75  6:28  Barracks  
  75  6:30  Factory Reactor  
  75  6:32  Supply Depot x2, SCV  
  76  6:33  SCV  
  77  6:43  SCV  
  77  6:44  SCV  
  77  6:45  SCV  
  77  6:46  Missile Turret  
  80  6:49  Marauder  
  83  6:54  Missile Turret  
  83  6:55  SCV  
  83  6:57  SCV x2  
  83  6:58  Supply Depot, Marine  
  83  6:59  Supply Depot  
  87  7:07  SCV  
  89  7:09  SCV x2, Widow Mine  
  89  7:10  Widow Mine  
  89  7:12  Supply Depot x2  
  93  7:17  Barracks Reactor x2  
  93  7:19  Medivac x2, SCV  
  93  7:21  SCV x2  
  100  7:26  Terran Infantry Armor Level 2, Terran Infantry Weapons Level 2  
  99  7:30  Marauder  
  99  7:31  Marauder  
  99  7:32  SCV  
  99  7:36  Supply Depot  
  104  7:38  Supply Depot, Widow Mine  
  104  7:39  Marine x2  
  104  7:40  Widow Mine  
  110  7:44  Refinery  
  110  7:45  Refinery  
  110  7:52  Factory  
  110  7:53  Medivac x2  
  110  7:54  Marine x3  
  110  7:55  Marine  
  110  7:57  Marine, Marauder  
  122  7:59  Marauder  
  122  8:00  Concussive Shells  
  123  8:09  Marine  
  123  8:11  Supply Depot  
  123  8:12  Supply Depot, Marine x4  
  126  8:13  Widow Mine  
  126  8:14  Supply Depot, Widow Mine  
  126  8:19  Marauder  
  134  8:21  Marauder  
  134  8:23  Medivac  
  138  8:28  Marine x2  
  138  8:30  Marine x3  
  138  8:32  Command Center  
  143  8:40  Marauder  
  142  8:42  Marine, Marauder  
  142  8:44  Medivac, Widow Mine x3  
  150  8:53  Medivac  
  152  8:56  Marine x2  
  152  9:01  Marauder  
  156  9:04  Marauder  
  156  9:07  Marine  
  156  9:08  Drilling Claws  
  159  9:12  Widow Mine x2  
  159  9:13  SCV x3  
  159  9:14  Supply Depot, Medivac  
  159  9:15  Supply Depot  
  168  9:23  Marine, Medivac, Marauder  
  173  9:29  SCV  
  173  9:35  Marine x4  
  173  9:36  Marine, Marauder, SCV x2  
  182  9:44  Marauder  
  184  9:46  Command Center  
  184  9:57  Marauder  
  166  10:05  Marauder  
  163  10:11  Marine  
  163  10:12  Marine x5, Medivac, Widow Mine x2  
  163  10:13  Medivac  
  175  10:19  Marauder  
  169  10:26  Marine  
  165  10:29  Marine x5  
  165  10:35  Reaper  
  171  10:40  Marauder  
  169  10:42  Medivac  
  169  10:48  Medivac, Widow Mine x3  
  178  10:51  Ghost Academy  
  177  10:58  Terran Infantry Weapons Level 3, Terran Infantry Armor Level 3  
  177  11:00  Supply Depot, Terran Vehicle Weapons Level 1  
  177  11:01  Supply Depot x2  
  177  11:04  Missile Turret  
  177  11:06  Liberator x2  
  177  11:09  Missile Turret x2  
  173  11:24  Marine  
  185  11:26  Ghost x2  
  185  11:32  Planetary Fortress  
  184  11:39  Barracks Tech Lab  
  184  11:52  Liberator x2  
  184  11:56  SCV x3  
  182  12:08  SCV x2  
  183  12:09  SCV  
  183  12:11  Ghost x3  
  183  12:15  Refinery x2  
  197  12:20  SCV  
  197  12:21  SCV x2  
  200  12:27  Command Center  
  200  13:18  Command Center  
  198  13:45  Ghost  
  194  13:57  Starport, Liberator x2  
  194  14:02  Starport  
  200  14:20  Refinery  
  200  14:25  Refinery  
  200  14:27  Missile Turret  
  200  14:37  Starport Tech Lab  
  198  14:38  Starport Reactor  
  198  14:45  Planetary Fortress  
  198  14:49  Ghost  
  195  15:31  Ghost Academy  
  189  15:48  Liberator x3  
  183  15:55  Command Center  
  183  15:59  Sensor Tower, Missile Turret  
  183  16:02  Ghost  
  183  16:03  Ghost x3  
  191  16:06  Advanced Ballistics  
  191  16:07  Planetary Fortress  
  191  16:11  Liberator x2  
  185  16:31  Thor, Liberator  
  197  16:44  Sensor Tower, Factory Tech Lab  
  197  16:49  Missile Turret  
  200  16:58  Ghost  
  200  17:04  Missile Turret  
  200  17:05  Missile Turret  
  200  17:06  Missile Turret x2  
  200  17:20  Missile Turret  
  200  17:21  Missile Turret  
  200  17:23  Missile Turret  
  200  17:24  Missile Turret  
  200  17:35  Barracks  
  200  17:44  Missile Turret  
  200  17:45  Hi-Sec Auto Tracking, Barracks, Building Armor  
  200  17:47  Missile Turret  
  200  17:48  Barracks  
  200  17:52  Command Center  
  200  17:54  Command Center  
  198  18:08  Missile Turret  
  198  18:22  Terran Ship Weapons Level 1  
  198  18:39  Refinery  
  198  18:42  Refinery, Missile Turret  
  198  18:47  Ghost  
  198  18:48  Missile Turret  
  194  19:11  Orbital Command  
  193  19:20  Missile Turret  
  193  19:21  Missile Turret  
  193  19:23  Missile Turret  
  193  19:24  Command Center  
  182  19:25  Ghost x2  
  182  19:26  Ghost x2  
  182  19:27  Thor  
  196  19:41  Command Center  
  196  19:43  Command Center x2  
  196  19:54  Ghost x2  
  196  19:56  Barracks Tech Lab x3  
  196  20:15  Planetary Fortress  
  196  20:16  Missile Turret  
  194  21:10  Thor  
  200  21:13  Orbital Command  
  200  21:14  Orbital Command x2  
  200  21:19  Command Center  
  200  21:23  Command Center  
  191  21:56  Ghost  
  191  22:00  Thor  
  199  22:04  Terran Ship Weapons Level 2  
  198  22:24  Sensor Tower, Missile Turret x2  
  198  22:31  Ghost  
  200  22:53  Planetary Fortress  
  200  22:56  Refinery  
  200  22:59  Refinery  
  200  23:00  Sensor Tower  
  200  23:01  Missile Turret  
  200  23:05  Missile Turret, Orbital Command  
  200  23:12  Command Center x2  
  197  23:58  Missile Turret  
  197  24:06  Command Center  
  197  24:09  Command Center  
  187  24:13  Orbital Command  
  186  24:20  Terran Vehicle And Ship Armor Level 1  
  185  24:27  Medivac x2  
  189  24:33  Command Center  
  189  24:36  Ghost  
  189  24:37  Ghost x4  
  199  24:43  Personal Cloaking  
  199  24:56  Planetary Fortress  
  199  25:22  Orbital Command  
  199  26:10  Planetary Fortress  
  199  26:47  Liberator  
  196  27:33  Liberator  
  196  27:34  Liberator x4  
  158  27:48  Ghost x2  
  158  27:49  Ghost x4  
  165  28:08  Ghost  
  165  28:10  Thor x2  
  179  28:16  Liberator x2  
  179  28:17  Liberator x3  
  190  28:50  Planetary Fortress  
  190  28:53  Thor x2  
  200  28:59  Liberator x3  
  197  29:21  Orbital Command  
  181  29:26  Ghost  
  169  30:07  Orbital Command  
  169  30:12  Liberator x5  
  155  30:17  Ghost x6  
  167  30:28  Ghost  
  167  30:29  Refinery  
  167  30:30  Refinery  
  184  30:41  Thor  
  190  30:46  Thor  
  196  30:55  Liberator  
  199  32:04  Orbital Command  
  198  32:42  SCV x2  
  198  32:43  SCV x6  
  200  32:44  SCV  
  190  33:45  SCV  
  191  33:51  SCV  
  191  33:52  SCV x8  
  198  34:10  Orbital Command  
  198  34:24  Refinery  
  198  34:25  Refinery  
  198  35:04  Ghost  
  195  35:26  Liberator x4  
  137  35:42  Ghost x5  
  139  35:44  Thor x2  
  170  35:50  SCV x10  
  170  35:54  Planetary Fortress  
  176  36:27  Thor x2  
  176  36:32  Orbital Command  
  188  36:44  Ghost x6  
  200  37:02  Orbital Command  
  198  37:09  Ghost  
  200  37:34  Refinery  
  200  37:35  Refinery  
Tags
 
Add a new tag
Caveats
  • Supply blocks, unpowered buildings, or Contaminate may cause inaccurate times.
  • Supply counts are checked every 10 seconds.